AoeStats
← yatsude

Golden Pit

509393927Analyzed
1v1 RM · 7d ago on Sep 26, 2026· 27m 41s· 2 players
Game mode
Random Map
Map size
Tiny (2 player)
Population
200
Speed
Normal
Resources
Standard
Victory
Conquest
Starting age
Dark Age
Ending age
Imperial Age
RankedLock teamsTeams togetherTeam positionsShared explorationLock speedFull tech treeHidden civsTurbo modeCheats
Victory
Defeat
🇨🇴 Persians · Colombia
788
+17
🇹🇼 Burgundians · Taiwan
811
-17
yatsude
11:05 Feudal Age
10:24 Loom
13:56 Bloodlines
13:37 Double-Bit Axe
17:40 Scale Barding Armor
20:46 Forging
23:54 Castle Age
22:35 Horse Collar
22:54 Gold Mining
23:18 Town Watch
25:55 Wheelbarrow
26:19 Heavy Plow
27:45 Fletching
英京塚大
4:45 Double-Bit Axe
10:34 Horse Collar
10:54 Loom
13:05 Feudal Age
14:27 Heavy Plow
22:55 Town Watch
26:18 Castle Age
24:14 Man-at-Arms
Connection lost

Rejoining the realm…

Still unreachable

The connection could not be restored.

Session expired

The server has moved on; the page needs a fresh start.